 Dungeon Crawl Stone Soup version 0.32-a0-433-g08bcfe7efd (webtiles) character file.

Game seed: 16593060478075902176

272636 freelancePsychic the Warrior (level 20, -7/156 HPs)
             Began as a Coglin Hexslinger on Feb 22, 2024.
             Was a High Priest of Hepliaklqana.
             Mangled by a jiangshi (18 damage)
             ... led by a vampire mage
             ... on level 3 of the Vaults.
             The game lasted 01:37:59 (44455 turns).

freelancePsychic the Warrior (Coglin Hexslinger)   Turns: 44455, Time: 01:37:59

Health: -7/156     AC: 15    Str: 12    XL:     20   Next: 67%
Magic:  0/27       EV: 25    Int: 14    God:    Hepliaklqana [*****.]
Gold:   2507       SH:  0    Dex: 26    Spells: 10/29 levels left

rFire   . . .        a - +3 arbalest {Chisato}
rCold   . . .        (shield currently unavailable)
rNeg    + . .        D - +4 Cigotuvi's embrace {Corpsefed rMiasma ^Drain rN+}
rPois   +            K - +2 helmet
rElec   .            l - scarf {repulsion}
rCorr   .            w - +2 pair of gloves of Vexation {Str+3 Stlth+}
SInv    .            d - +0 pair of boots "Ideocie" {Dex+2}
Will    ++...        y - amulet of guardian spirit
Stlth   +++          L - ring of poison resistance
HPRegen 0.46/turn    W - ring of willpower
MPRegen 0.20/turn

%: repel missiles, guardian spirit
@: fugue, revving
A: reduced essence, off-hand wielding, slow wielding, warmup strikes, legs
shutdown
}: 1/15 runes: gossamer
a: Renounce Religion, Recall Ancestor, Ancestor Identity, Transference, Idealise


You were on level 3 of the Vaults.
You worshipped Hepliaklqana.
Hepliaklqana was extremely pleased with you.
You visited 7 branches of the dungeon, and saw 35 of its levels.
You also visited: Sewer, Gauntlet and Volcano.

You collected 4230 gold pieces.
You spent 1723 gold pieces at shops.

Inventory:

Hand Weapons
 a - a +3 arbalest (weapon) {Chisato}
Missiles
 C - 4 throwing nets
Armour
 d - the +0 pair of boots "Ideocie" (worn) {Dex+2}
   (You found it on level 4 of the Swamp)

   Dex+2:     It affects your dexterity (+2).
 l - a scarf of repulsion (worn)
 o - the scarf of Miracles {+Inv, rElec}
   (You found it on level 4 of the Vaults)

   rElec:     It insulates you from electricity.
 w - the +2 pair of gloves of Vexation (worn) {Str+3 Stlth+}
   (You found it on level 3 of the Vaults)

   Str+3:     It affects your strength (+3).
   Stlth+:    It makes you more stealthy.
 D - the +4 Cigotuvi's embrace (worn) {Corpsefed rMiasma ^Drain rN+}
   (You bought it in a shop on level 12 of the Dungeon)

   Corpsefed: It gathers nearby corpses to temporarily increase the armour it
   provides.
   rMiasma:   It protects you from foul pestilence.
   rN+:       It protects you from negative energy.
   ^Drain:    It drains your maximum health when unequipped.
 K - a +2 helmet (worn)
Jewellery
 n - a +6 ring of dexterity
 s - a ring of protection from cold
 y - an amulet of guardian spirit (around neck)
 L - a ring of poison resistance (left grasper)
 P - a +4 ring of protection
 W - a ring of willpower (right grasper)
 Y - a +6 ring of dexterity
 Z - a ring of magical power
Wands
 B - a wand of charming (45)
 F - a wand of flame (35)
 N - a wand of mindburst (3)
 R - a wand of iceblast (17)
 V - a wand of polymorph (11)
Scrolls
 b - 3 scrolls of brand weapon
 c - 4 scrolls of enchant weapon
 g - a scroll of fog
 v - 5 scrolls of amnesia
 x - 3 scrolls of noise
 G - a scroll of immolation
 H - a scroll of silence
 I - 5 scrolls of vulnerability
 M - 6 scrolls of revelation
 Q - 2 scrolls of torment
 X - 17 scrolls of identify {@r1}
Potions
 e - 11 potions of ambrosia
 f - 4 potions of brilliance
 h - 5 potions of invisibility
 i - 7 potions of haste {@q3}
 j - 7 potions of curing {@q1}
 k - 3 potions of cancellation
 p - 11 potions of might
 q - 3 potions of magic
 u - 8 potions of attraction {unknown}
 z - a potion of lignification {unknown}
 A - 3 potions of berserk rage {unknown}
 J - 10 potions of degeneration {unknown}
 O - 4 potions of enlightenment {unknown}
 S - 8 potions of mutation
 U - 2 potions of resistance
Miscellaneous
 r - a phial of floods
 E - a phantom mirror
 T - a lightning rod (4/4)


   Skills:
 - Level 19.3 Fighting
 * Level 16.1 Ranged Weapons
 - Level 5.8 Armour
 - Level 14.7 Dodging
 - Level 5.0 Spellcasting
 + Level 4.5 Conjurations
 - Level 6.9 Hexes
 - Level 9.5 Necromancy
 - Level 6.4 Fire Magic
 - Level 10.5 Alchemy
 - Level 6.8 Invocations
 - Level 9.6 Evocations


You had 10 spell levels left.
You knew the following spells:

 Your Spells              Type           Power      Damage    Failure   Level
a - Jinxbite              Hex            46%        N/A       1%          2
b - Inner Flame           Hex/Fire       22%        N/A       4%          3
c - Fugue of the Fallen   Necr           30%        N/A       1%          3
e - Eringya's Noxious Bo  Alch           16%        4d6       41%         6
h - Irradiate             Conj/Alch      12%        3d15      28%         5

Your spell library contained the following spells:

 Spells                   Type           Power      Damage    Failure   Level
 Sublimation of Blood     Necr           30%        N/A       1%          2
 Foxfire                  Conj/Fire      72%        2x1d7     2%          1
 Magic Dart               Conj           64%        1d6       3%          1
 Sigil of Binding         Hex            23%        N/A       3%          3
 Tukima's Dance           Hex            23%        N/A       3%          3
 Shock                    Conj/Air       36%        1d5       9%          1
 Alistair's Intoxication  Alch           22%        N/A       9%          5
 Momentum Strike          Conj/Tloc      18%        3d8       13%         2
 Cause Fear               Hex            11%        N/A       13%         4
 Yara's Violent Unravell  Hex/Alch       14%        3d7       17%         5
 Summon Small Mammal      Summ           12%        N/A       22%         1
 Flame Wave               Conj/Fire      18%        2d7       24%         4
 Hailstorm                Conj/Ice       9%         3d6       26%         3
 Stone Arrow              Conj/Erth      18%        3d8       26%         3
 Leda's Liquefaction      Alch/Erth      9%         N/A       26%         4
 Petrify                  Alch/Erth      18%        N/A       26%         4
 Blink                    Tloc           6%         N/A       32%         2
 Call Imp                 Summ           6%         N/A       32%         2
 Lesser Beckoning         Tloc           6%         N/A       32%         2
 Dimensional Bullseye     Hex/Tloc       6%         N/A       47%         4
 Summon Blazeheart Golem  Fire/Summ      12%        N/A       52%         4
 Call Canine Familiar     Summ           3%         N/A       54%         3
 Frozen Ramparts          Ice            6%         1d1       54%         3
 Gell's Gravitas          Tloc           3%         N/A       54%         3
 Ozocubu's Armour         Ice            3%         N/A       54%         3
 Summon Ice Beast         Ice/Summ       3%         N/A       54%         3
 Swiftness                Air            3%         N/A       54%         3
 Teleport Other           Tloc           3%         N/A       54%         3
 Iskenderun's Battlesphe  Conj           16%        2d7       67%         5
 Metabolic Englaciation   Hex/Ice        6%         N/A       83%         5
 Airstrike                Air            1%         2d(1-17)  91%         4
 Animate Armour           Summ/Erth      6%         N/A       91%         4
 Manifold Assault         Tloc           3%         N/A       91%         4
 Passage of Golubria      Tloc           3%         N/A       91%         4
 Sculpt Simulacrum        Ice/Alch       9%         N/A       98%         6
 Starburst                Conj/Fire      9%         6d5       98%         6
 Summon Forest            Summ/Tloc      1%         N/A       99%         5
 Bombard                  Conj/Erth      4%         9d2       100%        6
 Dispersal                Tloc           1%         N/A       100%        6
 Plasma Beam              Fire/Air       6%         2x1d16    100%        6
 Ozocubu's Refrigeration  Ice            1%         4d7       100%        7
 Spellforged Servitor     Conj/Summ      4%         N/A       100%        7
 Summon Hydra             Summ           1%         N/A       100%        7
 Disjunction              Tloc           1%         N/A       100%        8
 Lehudib's Crystal Spear  Conj/Erth      4%         10d3      100%        8
 Polar Vortex             Ice            1%         N/A       100%        9


Dungeon Overview and Level Annotations

Branches:
Dungeon (15/15)            Temple (0/1) D:4            Lair (5/5) D:10
  Swamp (4/4) Lair:2       Spider (4/4) Lair:3        Slime (0/5) Lair:5
    Orc (2/2) D:9             Elf (0/3) Orc:2        Vaults (4/5) D:14
  Crypt (1/3) Vaults:3     Depths (0/4) D:15          Sewer (visited)
Volcano (visited)         Gauntlet (visited)

Altars:
Ashenzari
Elyvilon
Hepliaklqana
Kikubaaqudgha
Makhleb
Nemelex Xobeh
Okawaru
Qazlal
Ru
Trog
Wu Jian
Xom
Yredelemnul
Lugonu

Shops:
D:8 :   D:12 [   D:13 *(   Orc:2 *:(:   Vaults:4 :(=

Portals:
Abyss: Lair:5

Annotations:
D:5 1 runed translucent door, Dittersdorf's ghost, novice GrFi
D:10 1 runed translucent door, javelincjr's ghost, journeyman CoWr
D:12 exclusion: orc, Rupert
Swamp:4 Bai Suzhen


Innate Abilities, Weirdness & Mutations

Your life essence is reduced to manifest your ancestor. (-10% HP)
You can wield a second weapon in your off-hand.
It takes a long time for you to wield or remove held weapons.
Your first few attacks do less damage.
Attacking and casting redirects power from your legs.


Message History

The jiangshi draws strength from your injuries!
The jiangshi completely misses you. The jiangshi barely misses you.
The jiangshi claws you!
* * * LOW HITPOINT WARNING * * *
The jiangshi closely misses you. The jiangshi misses you.
The skeletal warrior closely misses you.
The eidolon hits Cousy!
The eidolon drains Cousy's vigour!
Cousy seems to slow down.
Cousy blocks the eidolon's attack.
You climb upwards.
Welcome back to the Vaults!
Reactivating autopickup.
There is a staircase to the Crypt here.
The jiangshi closely misses you. The jiangshi claws you!
* * * LOW HITPOINT WARNING * * *
The jiangshi draws strength from your injuries!
The jiangshi attacks as it pursues you! The jiangshi misses you.
The jiangshi completely misses you. The jiangshi claws you!
* * * LOW HITPOINT WARNING * * *
The jiangshi claws you but does no damage.
The jiangshi completely misses you. The jiangshi misses you.
Okay, then.
You feel much better. The jiangshi completely misses you. x2
The jiangshi closely misses you. The jiangshi completely misses you.
The skeletal warrior hits you but does no damage.
The skeletal warrior attacks as it pursues you!
The skeletal warrior hits you with a +0 long sword!
* * * LOW HITPOINT WARNING * * *
The jiangshi claws you but does no damage.
The jiangshi claws you.
* * * LOW HITPOINT WARNING * * *
There is an open door here.
The jiangshi claws you!
* * * LOW HITPOINT WARNING * * *
The jiangshi draws strength from your injuries!
The jiangshi claws you.
* * * LOW HITPOINT WARNING * * *
Cousy is recalled.
The jiangshi claws you!!
You die...
Hepliaklqana delivers you to your ancestors.

###...###...#...#...#
#.......#.###...###.#
#.....[.'.#.......#.#
#.......#.#._.>._.#.#
###...###.#.......#.# #...#
#.###Vz.###.# ##### #...#...#...#
#.ß.##V##.ß.# #....@R.....#
#################################
.................................
.................................
#################################


You could see the friendly Cousy the knight (reflecting), a skeletal warrior and
a jiangshi.

Vanquished Creatures
  Saint Roka (Vaults:1)
  Nikola (Vaults:1)
  Arachne (Spider:4)
  Jorgrun (D:13)
  A sphinx (Vaults:2)
  Gastronok (Lair:3)
  Frances (D:13)
  2 emperor scorpions
  2 ghost moths
  8 vault wardens
  2 orc warlords
  A formless jellyfish (Vaults:3)
  A ghoul (Swamp:4)
  6 ironbound preservers
  A broodmother (Spider:3)
  3 ironbound thunderhulks
  A bunyip (Swamp:2)
  5 eleionomae
  A dire elephant (D:14)
  A war gargoyle (Vaults:3)
  2 spark wasps
  A crystal guardian (Vaults:1)
  6 entropy weavers
  2 vault guards
  5 yaktaur captains
  5 great orbs of eyes
  2 fire dragons
  A shambling mangrove (Swamp:2)
  3 ogre magi
  12 hydras
  2 ghost crabs
  10 centaur warriors
  9 ironbound frosthearts
  9 alligators
  2 jorogumos
  A radroach (Spider:4)
  12 two-headed ogres
  5 boulder beetles
  3 thrashing horrors (Lair:5)
  7 death yaks
  3 demonic crawlers
  A shock serpent (shapeshifter) (D:15)
  A spectral bunyip (Swamp:4)
  A fire crab (shapeshifter) (D:14)
  4 pharaoh ants
  17 deep trolls
  3 goliath frogs
  A death drake (Swamp:3)
  4 spriggan druids
  A large abomination (Lair:5)
  2 sun moths (Spider:4)
  A spectral hydra (Swamp:4)
  10 orb spiders
  4 swamp dragons
  8 arcanists
  A deep elf pyromancer (D:13)
  A necromancer (Vaults:2)
  3 harpies (Vaults:1)
  6 orc knights
  A lindwurm (shapeshifter) (D:15)
  10 ironbound convokers
  4 bog bodies
  3 steelbarb worms
  3 lindwurms
  4 ugly things
  3 orc sorcerers
  4 cyclopes
  14 wolf spiders
  4 will-o-the-wisps
  2 moths of wrath
  A salamander (shapeshifter) (D:15)
  9 manticores
  A meliai (Spider:4)
  15 vault sentinels
  3 elephants
  A black mamba (shapeshifter) (Lair:5)
  10 slime creatures
  A molten gargoyle (Volcano)
  5 black mambas
  2 minotaur zombies (Gauntlet)
  3 cane toads
  6 torpor snails
  2 gargoyles
  6 komodo dragons
  2 rime drakes
  2 efreet (D:14)
  10 yaktaurs
  4 freezing wraiths (D:14)
  A swamp worm zombie (Swamp:4)
  A tengu conjurer (D:14)
  A human skeleton (Vaults:2)
  A bloated husk (Swamp:2)
  A queen bee (D:9)
  2 polar bears
  11 trolls
  A queen bee (shapeshifter) (D:14)
  15 tarantellas
  11 hornets
  A tyrant leech (Swamp:2)
  27 blink frogs
  2 raiju (Lair:5)
  2 dream sheep (Lair:4)
  32 jumping spiders
  21 culicivoras
  6 spriggans
  A vampire (D:10)
  6 wraiths
  A wyvern (Lair:1)
  2 ynoxinuls (Lair:5)
  35 yaks
  4 fire bats (Volcano)
  A tyrant leech zombie (Swamp:4)
  A basilisk (shapeshifter) (D:15)
  8 basilisks
  A chaos spawn (Lair:5)
  3 wargs (Orc:2)
  2 vampire mosquitoes
  2 steam dragons
  46 redbacks
  10 swamp worms
  2 acid dragons
  9 water moccasins
  A glowing shapeshifter skeleton (Vaults:2)
  A sky beast (D:8)
  3 hell hounds (Volcano)
  2 ice beasts (D:10)
  10 orc warriors
  7 small abominations (Lair:5)
  3 boggarts (D:14)
  4 black bears
  An ogre (shapeshifter) (Lair:5)
  18 ogres
  9 wolves
  15 centaurs
  2 phantoms
  A human zombie (Vaults:2)
  A brain worm (Sewer)
  2 kobold brigands
  7 bullfrogs
  3 scorpions
  A wight (D:8)
  20 killer bees
  4 howler monkeys
  2 electric eels
  A bombardier beetle (D:4)
  3 jellies
  6 lava snakes (Volcano)
  4 hounds
  13 orc priests
  Jessica (D:2)
  An iguana (D:6)
  15 orc wizards
  Natasha (D:2)
  5 gnolls (D:8)
  3 river rats (Sewer)
  7 adders
  A white imp (D:7)
  An ufetubus (Gauntlet)
  2 dart slugs
  3 ribbon worms
  48 orcs
  5 endoplasms
  3 giant cockroaches
  10 goblins
  7 hobgoblins
  8 jackals
  6 quokkas
  13 ball pythons
  5 bats
  2 frilled lizards
  20 kobolds
  3 rats
931 creatures vanquished.

Vanquished Creatures (collateral kills)
  A sphinx (Vaults:3)
  A fenstrider witch (Swamp:4)
  2 vault wardens
  An emperor scorpion (Spider:4)
  3 ghost moths (Spider:4)
  A very ugly thing (D:15)
  2 orc warlords
  An ironbound thunderhulk (Vaults:1)
  An eleionoma (Swamp:3)
  2 dire elephants
  A minotaur (Gauntlet)
  A spark wasp (Spider:3)
  A crystal guardian (Vaults:1)
  2 entropy weavers
  2 yaktaur captains (Vaults:3)
  5 great orbs of eyes
  An ironbound frostheart (Vaults:3)
  5 hydras
  A ghost crab (Swamp:4)
  2 peacekeepers
  2 boulder beetles
  A catoblepas (Lair:5)
  A jorogumo (Spider:2)
  2 alligators (Swamp:1)
  2 radroaches (Spider:4)
  5 centaur warriors
  4 two-headed ogres
  4 demonic crawlers
  A sixfirhy (Gauntlet)
  A fire crab (Volcano)
  2 goliath frogs (Swamp:4)
  A spriggan druid (Swamp:1)
  2 orb spiders (Spider:4)
  An arcanist (Vaults:2)
  14 slime creatures
  3 deep trolls (Vaults:1)
  4 bog bodies
  2 steelbarb worms
  A swamp dragon (Swamp:4)
  6 ironbound convokers
  A spectral alligator (Swamp:4)
  2 harpies
  2 lindwurms
  4 orc knights
  9 wolf spiders
  A will-o-the-wisp (Swamp:4)
  6 ugly things
  An orc sorcerer (Orc:1)
  3 manticores
  3 moths of wrath
  An elephant (Lair:4)
  A large abomination (Lair:5)
  2 meliai (Spider:4)
  8 vault sentinels
  A black mamba (D:10)
  3 cane toads
  A torpor snail (Spider:1)
  A smoke demon (Lair:5)
  2 swamp worm zombies (Swamp:4)
  3 unseen horrors
  6 yaktaurs
  A rime drake (D:10)
  A hydra zombie (Swamp:4)
  A bloated husk (Swamp:4)
  3 trolls
  3 tyrant leeches
  6 tarantellas
  3 hornets
  4 blink frogs
  4 dream sheep (Lair:4)
  A spectral swamp dragon (Swamp:4)
  10 culicivoras
  10 jumping spiders
  3 spriggans
  3 wyverns
  14 yaks
  A vampire (D:14)
  5 fire bats (Volcano)
  A yak (shapeshifter) (D:14)
  8 redbacks
  2 steam dragons
  3 vampire mosquitoes
  2 swamp worms
  An acid dragon (D:11)
  6 water moccasins
  A swamp drake (Swamp:1)
  An orc warrior (Orc:2)
  4 ogres
  7 wolves
  7 centaurs
  A boggart (Vaults:3)
  A kobold brigand (Sewer)
  A brain worm (Sewer)
  An elf simulacrum (Vaults:2)
  A bullfrog (D:7)
  A glowing shapeshifter simulacrum (Vaults:2)
  A gnoll sergeant (D:8)
  3 small abominations (Lair:5)
  4 wights (D:8)
  14 killer bees
  An electric eel (D:7)
  A hound (D:6)
  A gnoll bouda (D:8)
  3 orc priests
  5 orc wizards
  4 adders
  3 gnolls (D:8)
  A shadow imp (D:8)
  An ufetubus (Gauntlet)
  A ribbon worm (D:4)
  17 orcs
  2 ball pythons (Sewer)
  An endoplasm (D:4)
  2 jackals (Sewer)
  A frilled lizard (Sewer)
  A rat (Sewer)
  A spectral weapon (Lair:2)
346 creatures vanquished.

Vanquished Creatures (others)
  A lich (Vaults:3)
  A yaktaur captain (Vaults:4)
  A boulder beetle (Vaults:1)
  A centaur warrior (Vaults:1)
  A deep troll (Vaults:1)
  A will-o-the-wisp (Swamp:4)
  4 yaktaurs (Vaults:1)
  30 knights
  14 foxfires
54 creatures vanquished.

Grand Total: 1331 creatures vanquished

Notes
Turn   | Place    | Note
-------+----------+-------------------------------------------
     0 | D:1      | freelancePsychic the Coglin Hexslinger began the quest for
                  | the Orb.
     0 | D:1      | Reached XP level 1. HP: 15/15 MP: 2/2
   125 | D:1      | Found a faded altar of an unknown god.
   127 | D:1      | Reached XP level 2. HP: 21/21 MP: 3/3
   561 | D:1      | Reached XP level 3. HP: 27/27 MP: 4/4
   619 | D:1      | Learned a level 2 spell: Jinxbite
   838 | D:2      | Reached skill level 1 in Fire Magic
   876 | D:2      | Reached skill level 2 in Fighting
   958 | D:2      | Reached XP level 4. HP: 33/33 MP: 2/5
  1175 | D:2      | Noticed Natasha
  1185 | D:2      | Killed Natasha
  1557 | D:2      | Noticed Jessica
  1561 | D:2      | Killed Jessica
  1562 | D:2      | Reached XP level 5. HP: 39/39 MP: 3/6
  1850 | D:3      | Found a sacrificial altar of Ru.
  1852 | D:3      | Found a hazy altar of Hepliaklqana.
  1866 | D:3      | Found a stormy altar of Qazlal.
  1868 | D:3      | Became a worshipper of Hepliaklqana the Forgotten
  1870 | D:3      | Found an ornate altar of the Wu Jian Council.
  1872 | D:3      | Found a shimmering altar of Xom.
  1877 | D:3      | Found a white marble altar of Elyvilon.
  2355 | D:4      | Found a glowing drain.
  2366 | D:4      | Reached * piety under Hepliaklqana
  2377 | Sewer    | Entered a sewer
  2530 | Sewer    | Reached XP level 6. HP: 41/41 MP: 4/7
  2670 | Sewer    | Reached skill level 3 in Fighting
  3070 | Sewer    | Reached XP level 7. HP: 29/46 MP: 6/8
  3535 | D:4      | Found a staircase to the Ecumenical Temple.
  3750 | D:4      | Reached skill level 5 in Ranged Weapons
  3963 | D:4      | Reached ** piety under Hepliaklqana
  3964 | D:4      | Remembered your ancestor Cousy as a knight
  4367 | D:5      | Entered Level 5 of the Dungeon
  4388 | D:5      | Reached skill level 4 in Fighting
  4432 | D:5      | Reached XP level 8. HP: 51/54 MP: 6/9
  4436 | D:5      | Learned a level 3 spell: Inner Flame
  4860 | D:5      | Found a runed translucent door.
  4900 | D:5      | Found a sparkling altar of Nemelex Xobeh.
  4901 | D:5      | Found an iron altar of Okawaru.
  5113 | D:5      | Noticed Dittersdorf's ghost (novice GrFi)
  5396 | D:6      | Reached *** piety under Hepliaklqana
  5554 | D:6      | Found the +1 Delatra's gloves {ID++}
  5570 | D:6      | Reached skill level 5 in Fighting
  5570 | D:6      | Reached skill level 5 in Hexes
  5740 | D:6      | Reached XP level 9. HP: 61/61 MP: 8/10
  6273 | D:6      | Reached skill level 5 in Fire Magic
  6672 | D:7      | Found a burning altar of Makhleb.
  6734 | D:7      | Reached skill level 6 in Fighting
  6789 | D:7      | Reached **** piety under Hepliaklqana
  7374 | D:7      | Reached XP level 10. HP: 68/68 MP: 8/11
  7497 | D:8      | Found a broken altar of Ashenzari.
  7946 | D:8      | Found Usud's Book Boutique.
  8243 | D:9      | Reached skill level 7 in Fighting
  8432 | D:9      | Identified the +3 morningstar of the Gloaming {flame,
                  | *Corrode Will++ Int+3}
  8629 | D:9      | Reached XP level 11. HP: 75/75 MP: 15/15
  8753 | D:9      | Found a bloodstained altar of Trog.
  9005 | D:9      | Found a staircase to the Orcish Mines.
  9103 | D:10     | Entered Level 10 of the Dungeon
  9129 | D:10     | Reached skill level 10 in Ranged Weapons
  9129 | D:10     | Reached skill level 1 in Invocations
  9425 | D:10     | Found a staircase to the Lair.
  9466 | D:10     | Noticed a two-headed ogre
  9473 | D:10     | Killed a two-headed ogre
  9474 | D:10     | Reached skill level 8 in Fighting
  9637 | D:10     | Found a runed translucent door.
  9637 | D:10     | Noticed javelincjr's ghost (journeyman CoWr)
  9730 | D:10     | Reached ***** piety under Hepliaklqana
  9852 | D:10     | Noticed a cyan ugly thing
  9861 | D:10     | Killed a cyan ugly thing
 10446 | D:11     | Noticed a manticore
 10452 | D:11     | Killed a manticore
 10759 | D:11     | Noticed a manticore
 10768 | D:11     | Killed a manticore
 10812 | D:11     | Reached XP level 12. HP: 84/84 MP: 10/16
 11206 | D:12     | Reached skill level 9 in Fighting
 11221 | D:12     | Noticed a two-headed ogre
 11239 | D:12     | Killed a two-headed ogre
 11349 | D:12     | Found Viasal's Antique Armour Boutique.
 11436 | D:12     | Bought a slimy ring mail for 306 gold pieces
 11436 | D:12     | Identified the +2 ring mail of Zihe {rElec rPois Int-4
                  | Stlth+} (You bought it in a shop on level 12 of the
                  | Dungeon)
 11529 | D:12     | Noticed Rupert
 11607 | Lair:1   | Entered Level 1 of the Lair of Beasts
 12153 | D:10     | Reached skill level 5 in Invocations
 12995 | Lair:2   | Noticed an eight-headed hydra
 13005 | Lair:2   | Killed an eight-headed hydra
 13006 | Lair:2   | Reached skill level 10 in Fighting
 13189 | Lair:2   | Noticed an eight-headed hydra
 13199 | Lair:2   | Killed an eight-headed hydra
 13558 | Lair:2   | Upgraded the game from 0.32-a0-422-g28b100f618 to
                  | 0.32-a0-433-g08bcfe7efd
 13688 | Lair:2   | Reached XP level 13. HP: 92/92 MP: 17/17
 13851 | Lair:2   | Found a staircase to the Swamp.
 14187 | Lair:3   | Noticed Gastronok
 14260 | Lair:3   | Killed Gastronok
 14465 | Lair:3   | Identified the +5 dagger of Oozing Pus {speed, rC+ Str+3
                  | Dex+4}
 14775 | Lair:3   | Found a hole to the Spider Nest.
 14966 | Lair:3   | Reached skill level 11 in Fighting
 15786 | Lair:4   | Reached skill level 5 in Dodging
 16261 | Lair:5   | Entered Level 5 of the Lair of Beasts
 16268 | Lair:5   | Found a dark tunnel.
 16275 | Volcano  | Entered a volcano
 16327 | Volcano  | Reached skill level 12 in Fighting
 16406 | Volcano  | Reached XP level 14. HP: 103/103 MP: 18/18
 16490 | Volcano  | Found a radiant altar of Vehumet.
 17289 | Lair:5   | Found a hazy altar of Hepliaklqana.
 17743 | Lair:5   | Reached skill level 13 in Fighting
 17893 | Lair:5   | Found a staircase to the Slime Pits.
 19049 | Lair:5   | Found a corrupted altar of Lugonu.
 19049 | Lair:5   | Found a one-way gate to the infinite horrors of the Abyss.
 19298 | Orc:1    | Entered Level 1 of the Orcish Mines
 19485 | Orc:2    | Entered Level 2 of the Orcish Mines
 19520 | Orc:1    | Reached skill level 1 in Evocations
 19684 | Orc:2    | Paralysed by an orc sorcerer for 5 turns
 19731 | Orc:2    | Found a staircase to the Elven Halls.
 20094 | Orc:2    | Reached skill level 14 in Fighting
 20233 | Orc:2    | Paralysed by an ogre mage for 2 turns
 20241 | Orc:2    | Noticed an orc warlord
 20243 | Orc:2    | Reached XP level 15. HP: 93/113 MP: 10/19
 20268 | Orc:2    | Killed an orc warlord
 20269 | Orc:2    | Reached skill level 5 in Evocations
 20468 | Orc:2    | Found Jonyas's Book Shoppe.
 20486 | Orc:2    | Found Zutoa's General Store.
 20487 | Orc:2    | Found Ytifol's Weapon Shop.
 20493 | Orc:2    | Learned a level 3 spell: Fugue of the Fallen
 20498 | Orc:2    | Bought 2 potions of heal wounds for 120 gold pieces
 20501 | Orc:2    | Found Xeathel's Book Emporium.
 20915 | D:12     | Bought the +4 Cigotuvi's embrace {Corpsefed rMiasma ^Drain
                  | rN+} for 938 gold pieces
 20915 | D:12     | Found the +4 Cigotuvi's embrace {Corpsefed rMiasma ^Drain
                  | rN+}
 21041 | D:12     | Reached skill level 1 in Necromancy
 21044 | D:12     | Reached skill level 10 in Dodging
 21523 | D:13     | Found Gaip Uma's Overcharged Wands.
 21590 | D:13     | Noticed Frances
 21602 | D:13     | Killed Frances
 21657 | D:13     | Noticed Jorgrun
 21677 | D:13     | Killed Jorgrun
 21751 | D:13     | Found Hyisivu's Weapon Shoppe.
 21751 | D:13     | Noticed Sonja
 21756 | D:13     | Sonja changed into Sonja the water moccasin
 21756 | D:13     | Noticed Sonja
 21759 | D:13     | Killed Sonja the water moccasin
 21775 | D:13     | Bought a +0 sling of freezing for 51 gold pieces
 22189 | D:13     | Reached skill level 15 in Fighting
 22394 | D:14     | Found a gate leading to a gauntlet.
 22400 | Gauntlet | Entered a Gauntlet
 22400 | Gauntlet | Found a transporter.
 22400 | Gauntlet | Found a transporter.
 22426 | Gauntlet | Found a transporter.
 22430 | Gauntlet | Found a transporter.
 22434 | Gauntlet | Found a transporter.
 22438 | Gauntlet | Found a transporter.
 22446 | Gauntlet | Found a transporter.
 22463 | Gauntlet | Found a transporter.
 22478 | Gauntlet | Found a transporter.
 22481 | Gauntlet | Found a transporter.
 22490 | Gauntlet | Found a transporter.
 22493 | Gauntlet | Found a transporter.
 22894 | Gauntlet | Identified the +0 helmet of Poor Excuses {rF- Will+ Int+3
                  | Dex+2}
 22928 | Gauntlet | Identified the +1 buckler of Ocziri {rF+ Int+4}
 23327 | D:14     | Reached XP level 16. HP: 88/122 MP: 15/20
 23585 | D:14     | Found a gate to the Vaults.
 23869 | D:14     | Reached skill level 5 in Necromancy
 23991 | D:14     | Identified a scroll of acquirement
 23996 | D:14     | Acquired 1256 gold pieces
 24536 | D:15     | Entered Level 15 of the Dungeon
 24858 | D:15     | Found a staircase to the Depths.
 25814 | Swamp:1  | Entered Level 1 of the Swamp
 26764 | Swamp:2  | Reached skill level 16 in Fighting
 27034 | Swamp:2  | Reached skill level 1 in Armour
 28650 | Swamp:3  | Reached XP level 17. HP: 130/130 MP: 16/21
 29047 | Swamp:4  | Entered Level 4 of the Swamp
 29122 | Swamp:4  | HP: 6/129 [five-headed hydra (7)]
 29130 | Swamp:4  | HP: 4/129 [five-headed hydra (7)]
 29926 | Swamp:4  | Identified the +0 pair of boots "Ideocie" {Dex+2}
 29958 | Swamp:4  | Identified the +1 kite shield of Dim Light {Rampage rC- rN+
                  | rCorr}
 30045 | Swamp:4  | Paralysed by a fenstrider witch for 4 turns
 30047 | Swamp:4  | Reached skill level 5 in Armour
 30256 | Swamp:4  | Noticed Bai Suzhen
 30628 | Spider:1 | Entered Level 1 of the Spider Nest
 30633 | Spider:1 | Reached skill level 17 in Fighting
 30976 | Spider:1 | Reached skill level 1 in Alchemy
 31945 | Spider:2 | Reached XP level 18. HP: 139/139 MP: 19/22
 33409 | Spider:3 | HP: 1/137 [something (10)]
 33415 | Spider:3 | Reached skill level 5 in Alchemy
 34174 | Spider:4 | Entered Level 4 of the Spider Nest
 35048 | Spider:4 | Reached skill level 18 in Fighting
 35270 | Spider:4 | Noticed Arachne
 35284 | Spider:4 | Killed Arachne
 36321 | Spider:4 | Got a gossamer rune of Zot
 37103 | Vaults:1 | Entered Level 1 of the Vaults
 37116 | Vaults:1 | Reached XP level 19. HP: 130/147 MP: 19/24
 37734 | Vaults:1 | Noticed Saint Roka
 37750 | Vaults:1 | Killed Saint Roka
 37751 | Vaults:1 | Reached skill level 19 in Fighting
 37823 | Vaults:1 | Reached skill level 10 in Alchemy
 37861 | Vaults:1 | Noticed Nikola
 37876 | Vaults:1 | Killed Nikola
 38268 | Vaults:1 | Found the +12 glaive of Prune {freeze, Prune}
 38970 | Vaults:1 | Learned a level 6 spell: Eringya's Noxious Bog
 39212 | D:8      | Bought a book of Transmutation for 308 gold pieces
 39218 | D:8      | Learned a level 5 spell: Irradiate
 39729 | Vaults:2 | Identified the +1 robe of Entitlement {Rampage rElec Will+}
 40136 | Vaults:2 | Reached XP level 20. HP: 146/156 MP: 26/26
 41073 | Vaults:3 | Identified the +2 pair of gloves of Vexation {Str+3 Stlth+}
 41083 | Vaults:3 | Reached skill level 15 in Ranged Weapons
 41083 | Vaults:3 | Reached skill level 1 in Conjurations
 41159 | Vaults:3 | Reached skill level 5 in Spellcasting
 42318 | Vaults:3 | Got Uxicof's Grimoire of Scorched Concoctions
 42482 | Vaults:3 | Identified the staff "Netwocze" {rN+ Will+ rCorr Stlth+
                  | Necro}
 42688 | Vaults:3 | Found a staircase to the Crypt.
 42688 | Vaults:3 | Found an ancient bone altar of Kikubaaqudgha.
 42688 | Vaults:3 | Found a basalt altar of Yredelemnul.
 42907 | Vaults:4 | Found Wikleabipp's Book Boutique.
 42937 | Vaults:4 | Identified the scarf of Miracles {+Inv, rElec}
 43224 | Vaults:4 | Found Uwoirghu's Weapon Shoppe.
 43282 | Vaults:4 | Found Tiqeit's Jewellery Boutique.
 44436 | Crypt:1  | Entered Level 1 of the Crypt
 44455 | Vaults:3 | Mangled by a jiangshi

Illustrated notes

Levels and vault maps discovered:
D:1:      saegor_arrival_simple_c, layout_basic,
          nicolae_ecumenical_snake_handling
D:2:      layout_loops_cross, minmay_tetromino_s4, uniq_jessica, uniq_natasha
D:3:      layout_rooms, nicolae_overflow_hallway_of_the_gods
D:4:      minmay_diamond_boxcup, layout_basic, minmay_temple_entry_hall,
          cheibrodos_sewer_entry_sluice
D:5:      layout_basic, gammafunk_temple_overflow_wave,
          ebering_ghost_reflecting_pool, hangedman_abyss_or_decor_slice,
          nicolae_figureground_pulse
D:6:      layout_basic, grunt_ministairs_11, pf_guarded_unrand_delatra
D:7:      layout_loops_corners, makhleb_heckhound_becter, nicolae_water_bricks
D:8:      layout_cave_pools, cheibrodos_ashenzari_chains, serial_shops, shop
D:9:      layout_loops_ring, lemuel_crystal_altar, orc_0_dummy, special_room
          [special_room_bee]
D:10:     layout_loops_corners, hellmonk_lair_entry_icy,
          hellmonk_ghost_big_iron, st_stairs_3
D:11:     layout_cave_pools, minmay_orc_keep
D:12:     layout_rooms, serial_shops, nicolae_square_shop, uniq_rupert
D:13:     layout_roguey, serial_shops, shop, nicolae_shop_overcharged_wands,
          uniq_sonja, uniq_frances, uniq_jorgrun
D:14:     layout_stronghold, david_vaults_5, minmay_misc_feat_iff,
          gauntlet_entry_generic, minivault_19, grunt_potential
D:15:     hangedman_depths_entry_try_elsewhere_first, layout_basic,
          serial_library_hellmonk_reading_circle
Lair:1:   layout_hall_layers, minivault_11, lemuel_old_faithful,
          grunt_megastairs_5
Lair:2:   layout_chaotic_city, mainiacjoe_swamp_entry_angry_trees
Lair:3:   layout_chaotic_city, hellmonk_spider_entry_life_and_decay,
          wad_woods_road_01, beast_lair_carwin_2, lemuel_fruit_tree,
          serial_bayou_shore_a, uniq_gastronok
Lair:4:   layout_loops_ring, lemuel_fruit_fields
Lair:5:   hellmonk_lair_end_abyssal_woods, layout_cave_pods,
          dpeg_slime_entry_enclosed, basic_altar,
          nicolae_volcano_entry_lava_flow, infiniplex_staircase_pool_2
Swamp:1:  layout_basic_swamp, nicolae_swamp_some_circles, swamp_pool_1_2,
          infiniplex_staircase_pool
Swamp:2:  layout_basic_swamp, nicolae_swamp_bean_lake,
          nicolae_swamp_bloodsuckers_inc
Swamp:3:  layout_falls_marsh, nicolae_swamp_little_swirl
Swamp:4:  swamp_pestilence, layout_basic_swamp, uniq_bai_suzhen
Spider:1: layout_spider_delve, dreamdust_wasp_nest
Spider:2: layout_spider_delve, special_room
Spider:3: layout_spider_delve, nicolae_spider_webs_and_nodes
Spider:4: johnstein_spider_rune_arachne_lair, special_room
Orc:1:    layout_caves
Orc:2:    st_orc_open, layout_caves
Vaults:1: nicolae_vaults_trapezoid_layered, nicolae_vaults_what_the_h,
          vaults_room_grunt_arrival_ludios, vaults_room_ringed_pool,
          vaults_mumra_hexcomb, nicolae_vaults_lopsided_apartments,
          nicolae_vaults_door_testing_chamber, ontoclasm_vaults_fault,
          nicolae_vaults_offset_grid_hallway_1, ontoclasm_vaults_spin,
          v_misc_29, nicolae_vaults_diamond_1, vaults_dpeg_hooks,
          vaults_dpeg_ring, nicolae_vaults_little_squares_2,
          layout_vaults_maze_bifur, uniq_saint_roka, uniq_nikola
Vaults:2: v_rooms_2, nicolae_vaults_apartment_1,
          hangedman_vaults_stretched_pinwheel, nicolae_vaults_cochlea,
          nicolae_vaults_shrinking_rooms_1, nicolae_vaults_tetromino_T_2,
          nicolae_vaults_six-pack, ontoclasm_vaults_chip,
          layout_vaults_chaotic_city
Vaults:3: minmay_crypt_entry_necro_gods, nicolae_vaults_closet_pinwheel_1,
          dpeg_vaults_monster_box, nicolae_vaults_border_crossing,
          vaults_room_corners, nicolae_vaults_circle_grid_a, v_misc_24,
          nicolae_vaults_specimen_jars, vaults_room_door_hall,
          nicolae_vaults_trapezoid_1, nicolae_vaults_storage_closets_3,
          layout_vaults_omnigrid
Vaults:4: nicolae_vaults_tetromino_T_1, v_misc_3, nicolae_vaults_tetromino_T_2,
          nicolae_vaults_storage_closets_2, vaults_dpeg_doors,
          vaults_room_corners, ontoclasm_vaults_gateway,
          nicolae_vaults_trapezoid_lopsided_1, nicolae_vaults_network_star,
          lightli_orcish_oven, nicolae_vaults_doubleplus_tesselated,
          nicolae_vaults_little_squares_4, v_misc_15,
          nicolae_vaults_tetromino_T_1, nicolae_vaults_oval_intersection,
          layout_vaults_ring, serial_shops, shop, shop, nicolae_shop_waterfront
Crypt:1:  layout_rooms, uniq_vv

Skill      XL: |  1  2  3  4  5  6  7  8  9 10 11 12 13 14 15 16 17 18 19 20 |
---------------+-------------------------------------------------------------+-----
Ranged Weapons | 2 3 4 5 6 8 9 11 13 14 16 | 16.1
Fire Magic     | 1 2 3 4 5 6 |  6.4
Fighting       | 2 3 4 5 6 7 8 10 12 14 15 16 17 18 19 | 19.3
Hexes          | 3 4 5 6 |  6.9
Spellcasting   | 3 4 5 |  5.0
Invocations    | 3 5 6 |  6.8
Dodging        | 5 9 10 11 12 13 14 | 14.7
Evocations     | 3 8 9 |  9.6
Necromancy     | 4 7 9 |  9.5
Armour         | 3 5 |  5.8
Alchemy        | 3 8 10 | 10.5
Conjurations   | 4 |  4.5

Action                     |  1- 3 |  4- 6 |  7- 9 | 10-12 | 13-15 | 16-18 | 19-21 || total
---------------------------+-------+-------+-------+-------+-------+-------+-------++-------
  Melee: Sling             |       |       |     2 |     2 |       |       |       ||     4
   Fire: Sling             |    57 |   156 |   506 |  1100 |  2580 |  3692 |   598 ||  8689
         Arbalest          |       |       |       |       |       |       |   403 ||   403
   Cast: Jinxbite          |     4 |    27 |    34 |    39 |    30 |     3 |     1 ||   138
         Inner Flame       |       |       |     2 |    30 |    19 |     1 |       ||    52
         Fugue of the Fall |       |       |       |       |       |    55 |    21 ||    76
 Invoke: Ancestor Life: Kn |       |       |     1 |       |       |       |       ||     1
         Ancestor Identity |       |       |     1 |       |       |       |       ||     1
         Recall Ancestor   |       |       |     1 |     3 |     3 |     7 |     2 ||    16
         Idealise          |       |       |       |     2 |    10 |    16 |     7 ||    35
         Transference      |       |       |       |       |       |     1 |       ||     1
  Evoke: Wand              |       |       |       |     9 |     8 |    13 |     7 ||    37
         Lightning rod     |       |       |       |       |     8 |    14 |     5 ||    27
         Phial of floods   |       |       |       |       |       |     1 |     1 ||     2
    Use: Scroll            |       |     2 |     2 |     8 |    17 |    19 |    12 ||    60
         Potion            |       |       |     1 |     7 |     5 |    14 |     4 ||    31
 Armour: Robe              |    11 |    33 |     2 |       |       |       |       ||    46
         Leather armour    |       |       |    29 |       |   108 |   572 |   137 ||   846
         Steam dragon scal |       |       |     9 |   157 |   162 |       |       ||   328
  Dodge: Dodged            |     7 |    24 |    33 |   110 |   326 |   880 |   242 ||  1622
         Repelled          |       |       |       |       |       |       |     5 ||     5

Table legend: (Time is in decaauts)
 A = Elapsed time spent in this place.
 B = Non-inter-level travel time spent in this place.
 C = Inter-level travel time spent in this place.
 D = Time resting spent in this place.
 E = Time spent auto-exploring this place.
 F = Levels seen in this place.
 G = Mean time per level.
                   A        B        C        D        E       F      G
               +--------+--------+--------+--------+--------+-----+--------+
         Total |  43993 |  41591 |   2402 |   2836 |  31579 |  38 | 1157.7 |
       Dungeon |  16068 |  14907 |   1161 |    540 |  11989 |  15 | 1071.2 |
          Lair |   6484 |   6063 |    421 |    446 |   4538 |   5 | 1296.8 |
         Swamp |   4771 |   4628 |    143 |    328 |   3573 |   4 | 1192.8 |
   Spider Nest |   6117 |   5817 |    300 |   1166 |   3560 |   4 | 1529.2 |
  Orcish Mines |   1445 |   1368 |     77 |    145 |    933 |   2 |  722.5 |
        Vaults |   6917 |   6621 |    296 |    173 |   5417 |   4 | 1729.2 |
         Crypt |     12 |     12 |      0 |      0 |      0 |   1 |   12.0 |
         Sewer |   1043 |   1043 |      0 |      0 |    814 |   1 | 1043.0 |
       Volcano |    547 |    547 |      0 |     37 |    310 |   1 |  547.0 |
      Gauntlet |    585 |    585 |      0 |      0 |    443 |   1 |  585.0 |
               +--------+--------+--------+--------+--------+-----+--------+

Top non-repeatable levels by time:
Vaults:3: 2159 daAuts
Spider:4: 2132 daAuts
  Lair:5: 1971 daAuts
    D:10: 1933 daAuts
    D:14: 1880 daAuts
Vaults:1: 1826 daAuts
  Lair:3: 1611 daAuts
Spider:2: 1573 daAuts
Vaults:4: 1570 daAuts
 Swamp:2: 1556 daAuts
Spider:3: 1509 daAuts
Vaults:2: 1361 daAuts
     D:6: 1334 daAuts
 Swamp:3: 1277 daAuts
     D:4: 1262 daAuts
